[Event "*** SCC Grand Prix: Titled Tuesday Blitz"]
[Site "Chess.com"]
[Date "2020.07.07"]
[Round "9"]
[White "AliKa2810"]
[Black "Gerodot71"]
[Result "1-0"]
[WhiteElo "2593"]
[BlackElo "2404"]
[TimeControl "180+1"]
[EndTime "11:44:24 PDT"]
[Termination "AliKa2810 won by resignation"]

1. d4 Nf6 2. c4 e6 3. Nf3 d5 4.
Nc3 dxc4 5. a4 a6 6. Bg5 Be7 7. e4 b6 8. Bxc4 Bb7 9. Qe2 h6 10. Bf4 O-O 11. Rd1 Nbd7 12. O-O Bb4 13. d5 exd5 14. Nxd5 Nxd5 15. Bxd5 Bxd5 16. Rxd5 Qc8 17. Qc4 Bc5 18. b4 c6 19. Rxd7 Qxd7 20. bxc5 b5 21. axb5 axb5 22. Qb3 Ra4 23. Bd6 Re8 24. e5 Qg4 25. h3 Qg6 26. Rd1 Re6 27. Nd4 Qh5 28.
Nxe6 1-0

[Event "*** SCC Grand Prix: Titled Tuesday Blitz"]
[Site "Chess.com"]
[Date "2020.07.07"]
[Round "9"]
[White "Sueetin"]
[Black "MashaFromRussia"]
[Result "1-0"]
[WhiteElo "2323"]
[BlackElo "2434"]
[TimeControl "180+1"]
[EndTime "11:44:26 PDT"]
[Termination "Sueetin won by resignation"]

1. d4 Nf6 2. c4 g6 3. Nc3 Bg7 4. Nf3 O-O 5. Bg5 d6 6. e3 c5 7. d5 Bf5 8. Nd2 Nbd7 9. Be2 Ne5 10. O-O h6 11. Bh4 g5 12. Bg3 Bg6 13. f4 Ned7 14. f5 Bh7 15. h4 Ne5 16. hxg5 hxg5 17.
Bxe5 dxe5 18. Nde4 Qc8 19. g4 e6 20. Nxf6+ Bxf6 21. Ne4 Bh8 22. Nxg5 exf5 23. Nxh7 Kxh7 24. Rxf5 Bg7 25.
Kg2 1-0

[Event "*** SCC Grand Prix: Titled Tuesday Blitz"]
[Site "Chess.com"]
[Date "2020.07.07"]
[Round "9"]
[White "goofypenguin96"]
[Black "GAusal"]
[Result "1-0"]
[WhiteElo "2391"]
[BlackElo "2085"]
[TimeControl "180+1"]
[EndTime "11:44:29 PDT"]
[Termination "goofypenguin96 won by resignation"]

1. e4 e5 2. Bc4 Nc6 3. Nc3 f5 4.
d3 Nf6 5. Nf3 Bb4 6. Ng5 d5 7.
exd5 Nxd5 8. O-O Bxc3 9. bxc3 Nxc3 10. Qh5+ g6 11. Qh6 Ne2+ 12. Kh1 Qe7 13. Nf7 Qf8 14. Re1 Nxc1 15. Qxc1 h6 16. Nxh8 Qxh8 17. f4 Bd7 18.
fxe5 Ne7 19. Rb1 Bc6 20. Qd2 O-O-O 21. Qf2 b6 22. a4 Qg7 23. a5 Kb8 24. axb6 cxb6 25.
Rxb6+ axb6 26. Qxb6+ Kc8 27. Be6+ 1-0

[Event "*** SCC Grand Prix: Titled Tuesday Blitz"]
[Site "Chess.com"]
[Date "2020.07.07"]
[Round "9"]
[White "NarminSoyunlu"]
[Black "HrvojeZagreb"]
[Result "1-0"]
[WhiteElo "2057"]
[BlackElo "2094"]
[TimeControl "180+1"]
[EndTime "11:44:32 PDT"]
[Termination "NarminSoyunlu won by resignation"]

1. d4 d6 2. c4 Nd7 3. g3 e5 4.
Bg2 f5 5. Nc3 Ngf6 6. e4 fxe4 7.
Nxe4 Nxe4 8. Bxe4 Nf6 9. Bg2 exd4 10. Qxd4 Be7 11. Ne2 O-O 12. O-O c6 13. Nc3 Qc7 14.
h3 Bf5 15. Rd1 Rad8 16. Be3 b6 17. a4 Ne8 18. a5 c5 19. Qd5+ Kh8 20. axb6 axb6 21.
Nb5 Qb8 22. Ra7 Bg6 23. Rxe7 Nf6 24. Qg5 Rde8 25. Rb7 Qd8 26. Nxd6 1-0

[Event "*** SCC Grand Prix: Titled Tuesday Blitz"]
[Site "Chess.com"]
[Date "2020.07.07"]
[Round "9"]
[White "Ermito2020"]
[Black "GothamChess"]
[Result "1-0"]
[WhiteElo "2463"]
[BlackElo "2572"]
[TimeControl "180+1"]
[EndTime "11:44:34 PDT"]
[Termination "Ermito2020 won by resignation"]

1. e4 c6 2. d4 d5 3. e5 Bf5 4. Nf3 e6 5. Be2 Ne7 6. O-O Ng6 7. Be3 Nd7 8. Nbd2 f6 9. c4 fxe5 10. dxe5 Bb4 11. Nd4 Bxd2 12. Qxd2 O-O 13. g4 c5 14. gxf5 cxd4 15. Bg5 Ne7 16. Qb4 Nc6 17. Bxd8 Nxb4 18. Be7 Nc2 19. Bxf8 Nxa1 20. Bd6 Nc2 21. Bd3 1-0

[Event "*** SCC Grand Prix: Titled Tuesday Blitz"]
[Site "Chess.com"]
[Date "2020.07.07"]
[Round "9"]
[White "djano"]
[Black "Zurability"]
[Result "0-1"]
[WhiteElo "2459"]
[BlackElo "2594"]
[TimeControl "180+1"]
[EndTime "11:44:37 PDT"]
[Termination "Zurability won by resignation"]

1. e4 c5 2. Nc3 g6 3. f4 Bg7 4.
Nf3 Nc6 5. a3 e6 6. Bc4 Nge7 7.
e5 d5 8. exd6 Qxd6 9. d3 b6 10.
O-O Bb7 11. Ne4 Qc7 12. Qe1 Nf5 13. c3 O-O-O 14. b4 cxb4 15. axb4 Nxb4 16. Rxa7 Nxd3 17. Bxd3 Rxd3 18. Ne5 Rd5 19. Bb2 Rhd8 20. Qa1 Ra5 21. Rxa5 bxa5 22. Qa4 Qb6+ 23. Kh1 Bxe5 24. fxe5 Qxb2 25.
Qc4+ Kb8 0-1

[Event "*** SCC Grand Prix: Titled Tuesday Blitz"]
[Site "Chess.com"]
[Date "2020.07.07"]
[Round "9"]
[White "Konavets"]
[Black "WashUntilHoles"]
[Result "1-0"]
[WhiteElo "2955"]
[BlackElo "2742"]
[TimeControl "180+1"]
[EndTime "11:44:40 PDT"]
[Termination "Konavets won by resignation"]

1. e4 c5 2. Nf3 d6 3. d4 cxd4 4. Nxd4 Nf6 5. Nc3 a6 6. f4 Qc7 7. Bd3 e5 8. Nf3 Nbd7 9. O-O Be7 10. Qe1 O-O 11. fxe5 dxe5 12. Qg3 Nh5 13. Qe1 Nhf6 14.
Nh4 Nc5 15. Bg5 Nxd3 16. cxd3 Be6 17. Nf5 Bxf5 18. Rxf5 Bc5+ 19. Kh1 Nd7 20. Nd5 Qd6 21. Be7 Qh6 22. Bxf8 Rxf8 23. Rc1 f6 24. Rf3 Kh8 25.
Rh3 Qg6 26. b4 Bd4 27. Rc7 Qg4 28. Ne3 Qe6 29. Nf5 g6 30. Qh4 Qf7 31. Nxd4 exd4 32. Qg4 Qxa2 33. Rxh7+ Kxh7 34. Qxd7+ Kh6 35. Qh3+ Kg5 36.
Qg3+ 1-0

[Event "*** SCC Grand Prix: Titled Tuesday Blitz"]
[Site "Chess.com"]
[Date "2020.07.07"]
[Round "9"]
[White "whodee11"]
[Black "FMVolodymyrSakun"]
[Result "0-1"]
[WhiteElo "2319"]
[BlackElo "2502"]
[TimeControl "180+1"]
[EndTime "11:44:43 PDT"]
[Termination "FMVolodymyrSakun won by resignation"]

1. e4 c5 2. Nc3 Nc6 3. Bc4 e6 4. f4 Nf6 5. e5 d5 6. Bb3 Nd7 7. d3 b5 8. a3 c4 9. Ba2 Qb6 10. Nf3 Bc5 11. Ne2 Bf2+ 12. Kf1 Bc5 13. d4 Be7 14. g3 a5 15. Kg2 b4 16. c3 f5 17.
exf6 gxf6 18. Bb1 bxa3 19. bxa3 Bb7 20. Re1 O-O-O 21. Bc2 Bd6 22. Rb1 Qc7 23. Ba4 Nb6 24. Bb5 Na7 25. Neg1 Nxb5 26. Rxb5 Bc6 27. Rxa5 Rhe8 28.
Rc5 Bxc5 29. dxc5 Nd7 30. a4 Nxc5 31. Nd4 e5 32. fxe5 fxe5 33. Nxc6 Qxc6 34. Qg4+ Kb7 35. Bg5 Rd7 36. Rb1+ Nb3 37. Kh3 Qe6 0-1

[Event "*** SCC Grand Prix: Titled Tuesday Blitz"]
[Site "Chess.com"]
[Date "2020.07.07"]
[Round "9"]
[White "aljado"]
[Black "fabianvivasz"]
[Result "0-1"]
[WhiteElo "2112"]
[BlackElo "2246"]
[TimeControl "180+1"]
[EndTime "11:44:45 PDT"]
[Termination "fabianvivasz won by checkmate"]

1. e4 e5 2. Nf3 Nc6 3. Bb5 f5 4. Nc3 fxe4 5. Nxe5 Nxe5 6. Qh5+ Ng6 7. O-O Nf6 8. Qe2 c6 9. Ba4 d5 10. d3 Bb4 11. dxe4 Bxc3 12. exd5+ Be5 13. dxc6 O-O 14. Bg5 bxc6 15. Bxc6 Rb8 16. Be4 Qc7 17. Bd3 Bxh2+ 18. Kh1 Bf4 19. Bxf6 Rxf6 20. Rfe1 Ne5 21. Be4 Be6 22.
g3 Ng4 23. gxf4 Qxf4 24. Bg2 Qh2# 0-1

[Event "*** SCC Grand Prix: Titled Tuesday Blitz"]
[Site "Chess.com"]
[Date "2020.07.07"]
[Round "9"]
[White "BogdanDeac"]
[Black "novendrapriasmoro"]
[Result "0-1"]
[WhiteElo "2795"]
[BlackElo "2667"]
[TimeControl "180+1"]
[EndTime "11:44:51 PDT"]
[Termination "novendrapriasmoro won by resignation"]

1. e4 c6 2. Nf3 g6 3. d4 Bg7 4.
c4 d6 5. h3 Nf6 6. Nc3 O-O 7. Be3 e5 8. d5 Na6 9. g4 Nc5 10. Nd2 cxd5 11. exd5 Ne8 12. g5 f5 13. gxf6 Nxf6 14. b4 Ncd7 15. c5 e4 16. Ndxe4 Nxe4 17. Nxe4 Qh4 18. Bg2 Re8 19. Qb1 Bxa1 20. O-O Bg7 21.
Nxd6 Rf8 22. f4 Nf6 23. Rf3 Nxd5 24. Nxc8 Raxc8 25. Qb3 Rcd8 26. Bf2 Qh6 27. Rd3 Qxf4 28. Bxd5+ Kh8 29. Rf3 Qg5+ 0-1

[Event "*** SCC Grand Prix: Titled Tuesday Blitz"]
[Site "Chess.com"]
[Date "2020.07.07"]
[Round "9"]
[White "MomchilPetkov"]
[Black "sergeikim"]
[Result "1-0"]
[WhiteElo "2546"]
[BlackElo "2413"]
[TimeControl "180+1"]
[EndTime "11:44:51 PDT"]
[Termination "MomchilPetkov won by resignation"]

1. e4 e5 2. Nf3 Nc6 3. Bb5 a6 4. Ba4 Nf6 5. O-O b5 6. Bb3 Bc5 7.
Nc3 d6 8. Nd5 O-O 9. d4 exd4 10.
Bg5 Bg4 11. Nxf6+ gxf6 12. Bh6 Re8 13. Bd5 Qd7 14. Qd2 Bxf3 15. gxf3 Ne5 16. Kh1 c6 17.
Qf4 Qh3 18. Rg1+ Ng6 19. Qxf6 Qxh6 20. Bxf7+ 1-0

[Event "*** SCC Grand Prix: Titled Tuesday Blitz"]
[Site "Chess.com"]
[Date "2020.07.07"]
[Round "9"]
[White "bazar-wokzal"]
[Black "PauloFanha"]
[Result "1-0"]
[WhiteElo "2389"]
[BlackElo "2023"]
[TimeControl "180+1"]
[EndTime "11:44:51 PDT"]
[Termination "bazar-wokzal won by resignation"]

1. e4 d5 2. exd5 Qxd5 3. Nc3 Qd6 4. Nf3 Nf6 5. d4 c6 6. Ne5 Nbd7 7. Bf4 Nd5 8. Bg3 Nxc3 9. bxc3 Nxe5 10. Bxe5 Qa3 11.
Qd2 Qb2 12. Rd1 Qxa2 13. Bd3 Bg4 14. f3 Bh5 15. O-O Qa5 16. Rb1 b5 17. d5 Bg6 18.
dxc6 Bxd3 19. Qxd3 Rd8 20. Qxb5 Qxb5 21. Rxb5 f6 22. c7 Rc8 23. Rb8 fxe5 24. Rd1 e6 25. Rxc8+ Kf7 26. Kf1 1-0

[Event "*** SCC Grand Prix: Titled Tuesday Blitz"]
[Site "Chess.com"]
[Date "2020.07.07"]
[Round "9"]
[White "FMalexhdez"]
[Black "TurboSteen"]
[Result "1-0"]
[WhiteElo "2122"]
[BlackElo "1955"]
[TimeControl "180+1"]
[EndTime "11:44:52 PDT"]
[Termination "FMalexhdez won on time"]

1. e4 e6 2. d4 d5 3. Nd2 Nf6 4. e5 Nfd7 5. f4 c5 6. Ndf3 Nc6 7. Ne2 Qb6 8. c3 f6 9. exf6 Nxf6 10. g3 cxd4 11.
Nexd4 Bc5 12. Bg2 Qa6 13. b4 Bxd4 14. Nxd4 O-O 15. Be3 e5 16. b5 exd4 17. bxa6 dxe3 18. Bxd5+ Kh8 19. axb7 1-0

[Event "*** SCC Grand Prix: Titled Tuesday Blitz"]
[Site "Chess.com"]
[Date "2020.07.07"]
[Round "9"]
[White "GrafLermontov"]
[Black "GM4life"]
[Result "1-0"]
[WhiteElo "2480"]
[BlackElo "2362"]
[TimeControl "180+1"]
[EndTime "11:44:53 PDT"]
[Termination "GrafLermontov won by checkmate"]

1. d4 Nf6 2. c4 g6 3. Nc3 Bg7 4. e4 d6 5. Be2 O-O 6. Be3 e5 7. d5 a5 8. g4 Na6 9. h4 Nc5 10. Bf3 Bd7 11. h5 a4 12. g5 Ne8 13.
Nge2 c6 14. Ng3 Qb6 15. Qd2 Qxb2 16. Qxb2 Nd3+ 17. Kd2 Nxb2 18. Be2 a3 19. c5 Na4 20. Nxa4 Rxa4 21. Rab1 cxd5 22. exd5 dxc5 23. Bxc5 b6 24. Bxf8 Bxf8 25. Rxb6 Nd6 26. hxg6 fxg6 27. Rc1 Be7 28.
Rc7 Bxg5+ 29. Ke1 Bd8 30. Rb8 Bc8 31. Rcxc8 Nxc8 32. Rxc8 Kg7 33. Rxd8 Rb4 34. d6 Rb2 35. d7 Rxa2 36. Rg8+ Kxg8 37. d8=Q+ Kg7 38. Bc4 Ra1+ 39. Ke2 a2 40. Nf5+ gxf5 41. Qg5+ Kh8 42. Qf6# 1-0

[Event "*** SCC Grand Prix: Titled Tuesday Blitz"]
[Site "Chess.com"]
[Date "2020.07.07"]
[Round "9"]
[White "isainz"]
[Black "guillejr"]
[Result "1-0"]
[WhiteElo "2154"]
[BlackElo "1956"]
[TimeControl "180+1"]
[EndTime "11:44:53 PDT"]
[Termination "isainz won on time"]

1. e4 c5 2. Nf3 d6 3. d4 cxd4 4. Qxd4 Bd7 5. c4 Nc6 6. Qe3 g6 7. Nc3 Bg7 8. Be2 Nf6 9. h3 O-O 10. O-O a6 11. Rd1 Qb8 12. c5 dxc5 13. e5 Nd4 14. Nxd4 cxd4 15. Qxd4 Bc6 16. exf6 Bxf6 17. Qc4 Rc8 18. Nd5 Bxd5 19. Qxd5 Rd8 20. Qxd8+ Qxd8 21. Rxd8+ Rxd8 22. Be3 b5 23. Rb1 Be5 24. a4 bxa4 25.
Bxa6 Ra8 26. Bc4 Rc8 27. Bb5 Ra8 28. f4 1-0

[Event "*** SCC Grand Prix: Titled Tuesday Blitz"]
[Site "Chess.com"]
[Date "2020.07.07"]
[Round "9"]
[White "wonderfultime"]
[Black "ZiggyStardust64"]
[Result "1-0"]
[WhiteElo "2984"]
[BlackElo "2674"]
[TimeControl "180+1"]
[EndTime "11:44:54 PDT"]
[Termination "wonderfultime won by resignation"]

1. d4 e6 2. c4 d5 3. Nf3 Nf6 4. Nc3 Be7 5. Bf4 O-O 6. e3 c5 7. dxc5 Bxc5 8. Qc2 Nc6 9. a3 Qa5 10. Rd1 Rd8 11. Be2 Ne4 12. cxd5 exd5 13. O-O Nxc3 14.
bxc3 h6 15. h3 Be6 16. a4 Rac8 17. Rb1 a6 18. Rxb7 Rd7 19. Rfb1 Rxb7 20. Rxb7 Bf8 21. Bd3 Qd8 22. Bxa6 Nb4 23. Rxb4 Bxb4 24. Bxc8 Qxc8 25. Nd4 Qxc3 26. Qxc3 Bxc3 27. Nxe6 fxe6 28. Bc7 d4 29. a5 d3 30. Kf1 Kf7 31. a6 d2 32. Ke2 1-0

[Event "*** SCC Grand Prix: Titled Tuesday Blitz"]
[Site "Chess.com"]
[Date "2020.07.07"]
[Round "9"]
[White "silverback96"]
[Black "natelleka"]
[Result "1-0"]
[WhiteElo "2235"]
[BlackElo "2109"]
[TimeControl "180+1"]
[EndTime "11:44:57 PDT"]
[Termination "silverback96 won on time"]

1. e4 e5 2. f4 exf4 3. Nc3 Qh4+ 4. Ke2 d5 5. Nxd5 Na6 6. Nf3 Qh5 7. Kf2 Bd6 8. Bxa6 bxa6 9. e5 Bc5+ 10. d4 Bb6 11.
Bxf4 Be6 12. c4 O-O-O 13. Nxb6+ axb6 14. Qa4 Kb7 15. Rac1 Ne7 16. d5 Bd7 17. Qb4 Ng6 18. Bg3 Qf5 19. c5 Be8 20. cxb6 cxb6 21. e6 fxe6 22.
Rc7+ Ka8 23. Qxb6 1-0

[Event "*** SCC Grand Prix: Titled Tuesday Blitz"]
[Site "Chess.com"]
[Date "2020.07.07"]
[Round "9"]
[White "Lagmantr"]
[Black "GameOverBro"]
[Result "0-1"]
[WhiteElo "2632"]
[BlackElo "2511"]
[TimeControl "180+1"]
[EndTime "11:44:59 PDT"]
[Termination "GameOverBro won on time"]

1. e4 d6 2. d4 Nf6 3. Nc3 e5 4. Nf3 Nbd7 5. g4 Nxg4 6. Rg1 Ngf6 7. Bc4 h6 8. Be3 c6 9. Qd3 b5 10. Bb3 Qa5 11. dxe5 dxe5 12. a4 b4 13. Ne2 Nc5 14.
Bxc5 Qxc5 15. O-O-O Be6 16. Bxe6 fxe6 17. Nh4 Kf7 18.
Qg3 g5 19. Nf3 Nxe4 20. Nxe5+ Kg8 21. Qf4 Bg7 22. Qf7+ Kh7 23. Qg6+ Kg8 24. Nd7 Qf5 0-1

[Event "*** SCC Grand Prix: Titled Tuesday Blitz"]
[Site "Chess.com"]
[Date "2020.07.07"]
[Round "9"]
[White "Semen_Khanin"]
[Black "Fandorine"]
[Result "0-1"]
[WhiteElo "2713"]
[BlackElo "2885"]
[TimeControl "180+1"]
[EndTime "11:45:00 PDT"]
[Termination "Fandorine won by resignation"]

1. e4 e5 2. Nf3 Nc6 3. Bb5 a6 4. Ba4 Nf6 5. O-O Be7 6. d3 d6 7. c4 O-O 8. Nc3 Nd4 9. Nxd4 exd4 10. Ne2 c5 11. h3 Rb8 12. f4 b5 13. Bb3 Be6 14.
Qc2 bxc4 15. Bxc4 d5 16. f5 dxc4 17. fxe6 cxd3 18. exf7+ Rxf7 19. Qxd3 c4 20. Qxc4 d3 21. Nd4 Rb4 22. Qxd3 Rxd4 23. Qxa6 Rxe4 24. Bg5 h6 25. Rad1 Rd4 0-1

[Event "*** SCC Grand Prix: Titled Tuesday Blitz"]
[Site "Chess.com"]
[Date "2020.07.07"]
[Round "9"]
[White "TamirNabaty"]
[Black "MrTattaglia"]
[Result "1-0"]
[WhiteElo "2839"]
[BlackElo "2918"]
[TimeControl "180+1"]
[EndTime "11:45:03 PDT"]
[Termination "TamirNabaty won by resignation"]

1. d4 Nf6 2. c4 e6 3. Nf3 d5 4. g3 Bb4+ 5. Bd2 Be7 6. Bg2 O-O 7. O-O Nbd7 8. b3 a5 9. Nc3 c6 10. Qc2 b6 11. e4 Ba6 12. e5 Ne8 13. Qd3 Rc8 14.
Rfd1 Nc7 15. a4 h6 16. h4 c5 17. Bf4 Qe8 18. Bf1 cxd4 19. Nxd4 Nc5 20. Qe3 dxc4 21. bxc4 Bb7 22. Rab1 Nxa4 23. Nxa4 Qxa4 24. Be2 Bc5 25.
Bxh6 Rfd8 26. Qg5 Bf8 27. Rxb6 Be4 28. Rd6 f6 29. Qg4 fxe5 30. Nxe6 Rxd6 31. Rxd6 Nxe6 32.
Qxe6+ Kh7 33. Qxc8 Bxd6 34. Qg4 Qa1+ 35. Bf1 Bg6 36. h5 1-0

[Event "*** SCC Grand Prix: Titled Tuesday Blitz"]
[Site "Chess.com"]
[Date "2020.07.07"]
[Round "9"]
[White "Roza_Idrisova"]
[Black "ketster"]
[Result "0-1"]
[WhiteElo "2238"]
[BlackElo "2439"]
[TimeControl "180+1"]
[EndTime "11:45:03 PDT"]
[Termination "ketster won by resignation"]

1. d4 Nf6 2. Nf3 d5 3. Bg5 Ne4 4. Bf4 c5 5. c3 Nc6 6. e3 Qb6 7. Qb3 c4 8. Qxb6 axb6 9. Nbd2 Nxd2 10. Nxd2 b5 11. e4 e6 12. a3 b4 13. cxb4 Bxb4 14. exd5 exd5 15. Be3 O-O 16. Be2 Be7 17. O-O Bf6 18.
Nf3 Bg4 19. Rfd1 b5 20. h3 Bh5 21. g4 Bg6 22. g5 Be7 23. Ne5 Na5 24. Nxg6 fxg6 25. Bf3 Rxf3 26. Kg2 Rf5 27. h4 Nb3 28. Rab1 Raf8 29. Rh1 Bd6 30. Rbd1 Bf4 31. Bxf4 Rxf4 32.
Rdf1 Nxd4 33. Rh3 Nb3 34. h5 d4 35. hxg6 hxg6 36. f3 d3 37. Rd1 d2 38. Kf2 Re8 39.
Rhh1 Rf5 40. Rhg1 Rfe5 41. Rgf1 Re2+ 42. Kg3 Re1 43. Kg2 Rxd1 44. Rxd1 Re1 0-1

[Event "*** SCC Grand Prix: Titled Tuesday Blitz"]
[Site "Chess.com"]
[Date "2020.07.07"]
[Round "9"]
[White "ApoIogiA"]
[Black "PattyCastillo"]
[Result "1/2-1/2"]
[WhiteElo "2098"]
[BlackElo "1944"]
[TimeControl "180+1"]
[EndTime "11:45:03 PDT"]
[Termination "Game drawn by repetition"]

1. d4 d5 2. c4 c6 3. Nf3 Nf6 4. Nc3 e6 5. e3 Nbd7 6. Qc2 Bd6 7.
g4 h6 8. Rg1 Bb4 9. Bd2 Qe7 10.
h4 e5 11. dxe5 Nxe5 12. Nxe5 Qxe5 13. O-O-O Bxg4 14. Re1 Bf5 15. Qb3 Bxc3 16. Bxc3 Qe4 17. Rxg7 O-O-O 18. f3 Qb1+ 19. Kd2 dxc4+ 20. Bd4 Qxe1+ 21.
Kxe1 cxb3 22. axb3 Nh5 23. Rxf7 Bg6 24. Re7 Rxd4 25.
exd4 Re8 26. Rxe8+ Bxe8 27. Kf2 Kd7 28. Ke3 Kd6 29.
Bc4 b5 30. Bg8 Bg6 31. b4 Ng3 32. Kf4 Ne2+ 33. Ke3 Ng3 34. Kf4 Ne2+ 35. Ke3 Ng3 1/2-1/2

[Event "*** SCC Grand Prix: Titled Tuesday Blitz"]
[Site "Chess.com"]
[Date "2020.07.07"]
[Round "9"]
[White "davigator"]
[Black "Shuvalov"]
[Result "0-1"]
[WhiteElo "2301"]
[BlackElo "2499"]
[TimeControl "180+1"]
[EndTime "11:45:05 PDT"]
[Termination "Shuvalov won by checkmate"]

1. e4 e6 2. d4 d5 3. Nc3 Bb4 4. e5 c5 5. a3 Bxc3+ 6. bxc3 Ne7 7. Qg4 cxd4 8. Qxg7 Rg8 9. Qxh7 Qc7 10. Ne2 Nbc6 11.
f4 Bd7 12. Rb1 dxc3 13. h3 O-O-O 14. Qd3 d4 15. Ng3 Ng6 16. Ne4 Ncxe5 17. fxe5 Qxe5 18. Kf2 Bc6 19. Ng3 Nf4 20. Qc4 Rxg3 21. Kxg3 Nd3+ 22.
Kh4 Rh8+ 23. Kg4 Rg8+ 24. Kh4 Qg3+ 25. Kh5 Rh8+ 26. Bh6 Qg6+ 27. Kh4 Rxh6# 0-1

[Event "*** SCC Grand Prix: Titled Tuesday Blitz"]
[Site "Chess.com"]
[Date "2020.07.07"]
[Round "9"]
[White "AlexSuv"]
[Black "Lucas_Tomiello"]
[Result "1-0"]
[WhiteElo "2570"]
[BlackElo "2425"]
[TimeControl "180+1"]
[EndTime "11:45:06 PDT"]
[Termination "AlexSuv won by resignation"]

1. Nf3 Nf6 2. g3 g6 3. Bg2 Bg7 4. O-O O-O 5. d3 d5 6. Bd2 c5 7. c4 d4 8. b4 Nc6 9. bxc5 Nd7 10. Qc1 Re8 11. Na3 Nxc5 12. Nc2 e5 13. Nb4 Bd7 14. Nd5 Ne7 15. Bg5 Nxd5 16. Bxd8 Nc3 17. Re1 Raxd8 18.
Nd2 f5 19. Nb3 N5a4 20. Bxb7 e4 21. Qg5 Be6 22. c5 Kf7 23. c6 Be5 24. Qh6 Kg8 25. Rac1 Nb2 26. Nc5 Bxa2 27. Qd2 Bd6 28. Qxb2 Bxc5 29.
Rxc3 dxc3 30. Qxa2+ Kg7 31. c7 1-0

[Event "*** SCC Grand Prix: Titled Tuesday Blitz"]
[Site "Chess.com"]
[Date "2020.07.07"]
[Round "9"]
[White "SerGo055"]
[Black "FlamingPhoenix123"]
[Result "1-0"]
[WhiteElo "2559"]
[BlackElo "2421"]
[TimeControl "180+1"]
[EndTime "11:45:08 PDT"]
[Termination "SerGo055 won by resignation"]

1. d4 Nf6 2. Nf3 e6 3. c4 d5 4. Nc3 Be7 5. Bg5 h6 6. Bh4 O-O 7. e3 b6 8. cxd5 Nxd5 9. Bxe7 Qxe7 10. Nxd5 exd5 11. Rc1 Be6 12. Bd3 c5 13. dxc5 bxc5 14. Qc2 c4 15. Be2 Nc6 16. O-O Rab8 17. Rfd1 Qf6 18. Nd4 Nxd4 19. Rxd4 Rb6 20. b3 cxb3 21. axb3 Rc8 22. Qb2 Rxc1+ 23. Qxc1 Rxb3 24. h3 Qe7 25. Ra4 Qb7 26. Qc5 Rb1+ 27. Kh2 Qb8+ 28. f4 Qb6 29. Qxb6 axb6 30. Ra8+ Kh7 31. Bd3+ 1-0

[Event "*** SCC Grand Prix: Titled Tuesday Blitz"]
[Site "Chess.com"]
[Date "2020.07.07"]
[Round "9"]
[White "TigranMukhutdinov"]
[Black "frederiksvane"]
[Result "1-0"]
[WhiteElo "2545"]
[BlackElo "2653"]
[TimeControl "180+1"]
[EndTime "11:45:10 PDT"]
[Termination "TigranMukhutdinov won on time"]

1. Nf3 Nf6 2. g3 g6 3. b3 Bg7 4. Bb2 b6 5. Bg2 Bb7 6. O-O c5 7. c4 Nc6 8. d4 Nxd4 9. Nxd4 Bxg2 10. Kxg2 cxd4 11. Qxd4 O-O 12. Nc3 Qc7 13. e4 Qb7 14. Nd5 d6 15. Rfe1 Rac8 16. Rad1 Rfe8 17. a4 Qc6 18. f3 Qb7 19. h4 h5 20. Qd2 Nxd5 21. Bxg7 Kxg7 22. exd5 a6 23. Qd4+ f6 24. g4 hxg4 25.
Qxg4 b5 26. h5 g5 27. f4 bxc4 28. fxg5 fxg5 29. Re6 Rg8 30. Rg6+ Kf7 31. Qxg5 1-0

[Event "*** SCC Grand Prix: Titled Tuesday Blitz"]
[Site "Chess.com"]
[Date "2020.07.07"]
[Round "9"]
[White "Lion-Al-Messi"]
[Black "barbara25"]
[Result "1-0"]
[WhiteElo "2453"]
[BlackElo "2326"]
[TimeControl "180+1"]
[EndTime "11:45:12 PDT"]
[Termination "Lion-Al-Messi won by checkmate"]

1. e4 c5 2. Nf3 d6 3. d4 cxd4 4.
Nxd4 Nf6 5. Nc3 a6 6. h3 e5 7.
Nde2 Be7 8. g4 Be6 9. Bg2 Nc6 10.
O-O O-O 11. Be3 b5 12. Ng3 Rc8 13. Nf5 Re8 14. Nd5 Bxd5 15. exd5 Na5 16. b3 Qc7 17. Rc1 Nb7 18. c4 bxc4 19. Rxc4 Qd7 20. Qf3 Rxc4 21.
bxc4 Rc8 22. g5 Ne8 23. h4 Rxc4 24. Bh3 Qd8 25. Rb1 Nc5 26. Bxc5 Rxc5 27. Rb8 Qxb8 28. Nxe7+ Kf8 29. Be6 f6 30. Qh5 Qb1+ 31. Kh2 Kxe7 32.
Qf7+ Kd8 33. Qd7# 1-0

[Event "*** SCC Grand Prix: Titled Tuesday Blitz"]
[Site "Chess.com"]
[Date "2020.07.07"]
[Round "9"]
[White "pavlitas17"]
[Black "Mikasinski"]
[Result "0-1"]
[WhiteElo "2300"]
[BlackElo "2447"]
[TimeControl "180+1"]
[EndTime "11:45:12 PDT"]
[Termination "Mikasinski won by resignation"]

1. d4 Nf6 2. c4 g6 3. Nc3 Bg7 4. e4 d6 5. Be2 O-O 6. Nf3 e5 7. Be3 Ng4 8. Bg5 f6 9. Bh4 g5 10. Bg3 Nc6 11. d5 Ne7 12. Nd2 Nh6 13. f3 f5 14. Bf2 Ng6 15. h3 Nf4 16. g4 fxe4 17. Ndxe4 Ng2+ 18. Kf1 Nf4 19. Rc1 b6 20. h4 gxh4 21. Bxh4 Qe8 22. Ke1 Qg6 23. Kd2 Bd7 24. Kc2 c6 25. dxc6 Bxc6 26. Bd3 Nxd3 27. Qxd3 Rf7 28.
Nd5 Raf8 29. Ne7+ Rxe7 30. Bxe7 Rxf3 31. Nf6+ Rxf6 32. Qxg6 Rxg6 33. g5 Nf5 34. Bf6 Bxh1 35. Rxh1 Bxf6 36. gxf6 Rxf6 37. Rg1+ Rg6 38. Rf1 Ne3+ 0-1

[Event "*** SCC Grand Prix: Titled Tuesday Blitz"]
[Site "Chess.com"]
[Date "2020.07.07"]
[Round "9"]
[White "dosto07"]
[Black "Danfii"]
[Result "0-1"]
[WhiteElo "2205"]
[BlackElo "2351"]
[TimeControl "180+1"]
[EndTime "11:45:12 PDT"]
[Termination "Danfii won by resignation"]

1. e4 e5 2. Nf3 Nc6 3. Bc4 Bc5 4. d3 Nf6 5. c3 d6 6. a4 a6 7. Nbd2 h6 8. Nf1 O-O 9. h3 Be6 10. Bxe6 fxe6 11. Be3 Bxe3 12. Nxe3 d5 13. Qc2 Qe8 14. Ng4 Qh5 15. Ne3 Qg6 16. exd5 exd5 17. O-O-O d4 18.
Nc4 Qxg2 19. Nfd2 dxc3 20. bxc3 Qd5 21. Rhg1 Rad8 22. Rg3 Nh5 23. Re3 Rxf2 24. Qb3 Nf4 25. Nxe5 Nxe5 26. Rxe5 Nxd3+ 0-1

[Event "*** SCC Grand Prix: Titled Tuesday Blitz"]
[Site "Chess.com"]
[Date "2020.07.07"]
[Round "9"]
[White "Siniauski"]
[Black "Carnivoras"]
[Result "0-1"]
[WhiteElo "2460"]
[BlackElo "2604"]
[TimeControl "180+1"]
[EndTime "11:45:13 PDT"]
[Termination "Carnivoras won by resignation"]

1. e4 e5 2. Nf3 Nc6 3. Bb5 Nf6 4. d3 Bc5 5. c3 O-O 6. Bg5 h6 7. Bh4 d6 8. Nbd2 Bg4 9. h3 Bh5 10. g4 Bg6 11. Qe2 a6 12. Bxc6 bxc6 13. Nf1 Rb8 14.
Ng3 Re8 15. O-O d5 16. b3 Qd6 17. Bxf6 Qxf6 18. c4 Qf4 19. Kg2 a5 20. Rac1 dxe4 21.
dxe4 Bd4 22. Rfe1 c5 23. Qd2 Qf6 24. h4 a4 25. h5 Bh7 26. Rb1 axb3 27. axb3 Rb4 28.
Nxd4 exd4 29. Qd3 Qf4 30. Qf3 Qe5 31. Rb2 d3 32. Rd2 Rxb3 33. Rxd3 Rb2 34. Re2 Rb1 35. Rde3 Qa1 36. Nf5 Rg1+ 37. Kh3 Rh1+ 38. Kg3 Qg1+ 39. Qg2 Qd1 40. e5 Rg1 41. e6 Rxg2+ 42. Kxg2 fxe6 43. Rxe6 Qxe2 44. Rxe2 Rxe2 45. Ng3 Rc2 46. Kf3 Rxc4 0-1